 Dungeon Crawl Stone Soup version 0.28-a0-1518-gbe868bca14 (webtiles) character file.

Game seed: 9507792193440392864

137 knot the Chopper (level 5, 48/61 HPs)
             Began as a Demonspawn Berserker on Jan 17, 2022.
             Was a Believer of Trog.
             Quit the game on level 3 of the Dungeon.
             The game lasted 00:02:14 (2472 turns).

knot the Chopper (Demonspawn Berserker)             Turns: 2472, Time: 00:02:15

Health: 48/61      AC:  8    Str: 17    XL:     5   Next: 0%
Magic:  5/5        EV: 10    Int: 11    God:    Trog [**....]
Gold:   114        SH:  0    Dex: 12    Spells: 4/4 levels left

rFire   . . .      SeeInvis .   a - +0 hand axe
rCold   . . .      Faith    .   (no shield)
rNeg    . . .      Spirit   .   j - +0 scale mail
rPois   .          Reflect  .   (helmet restricted)
rElec   .          Harm     .   (no cloak)
rCorr   .          Rampage  .   (no gloves)
Will    .....                   (no boots)
Stlth   ..........              i - amulet of regeneration
HPRegen 1.00/turn               (no ring)
MPRegen 0.09/turn               (no ring)

@: berserking (expiring), mildly poisoned (48 -> 41), very quick
A: horns 2, slimy green scales 1
a: Renounce Religion, Berserk, Trog's Hand


You were on level 3 of the Dungeon.
You worshipped Trog.
Trog was pleased with you.
You visited 1 branch of the dungeon, and saw 3 of its levels.

You collected 114 gold pieces.

Inventory:

Hand Weapons
 a - a +0 hand axe (weapon)
Missiles
 c - 144 stones (quivered)
Armour
 j - a +0 scale mail (worn)
Jewellery
 i - an amulet of regeneration (around neck)
 l - a ring of ice
Scrolls
 d - a scroll of silence {unknown}
 e - 4 scrolls of identify {unknown}
 f - 2 scrolls of vulnerability {unknown}
 g - a scroll of fear {unknown}
 k - a scroll of immolation {unknown}
Potions
 b - a potion of heal wounds {unknown}
 h - a potion of degeneration {unknown}


   Skills:
 - Level 3.0 Fighting
 + Level 5.2 Axes
 - Level 1.7 Armour
 - Level 1.7 Dodging


You had 4 spell levels left.
You didn't know any spells.
Your spell library was empty.

Dungeon Overview and Level Annotations

Branches:
Dungeon (3/15)

Altars:

Shops:
D:2 (


Innate Abilities, Weirdness & Mutations

You have a pair of horns on your head.
You are partially covered in slimy green scales. (AC +2)


Message History

You closely miss the orc wizard. You slash the orc!
You kill the orc!
Trog accepts your kill.
The orc wizard hits you with a +0 dagger.
The orc closely misses you.
You're too confused to move!
The orc closely misses you.
The orc wizard hits you with a +0 dagger.
You slash the orc wizard!
The orc wizard is severely wounded.
You closely miss the orc. You slash the orc!
You kill the orc!
Trog accepts your kill.
Your Axes skill increases to level 5!
You closely miss the orc wizard.
The orc wizard is severely wounded.
You barely miss the orc. The orc closely misses you.
The orc wizard casts a spell at you. The puff of flame hits you.
You bump into the rock wall.
The orc hits you but does no damage.
You are poisoned.
The orc wizard hits you but does no damage.
You closely miss the orc wizard.
The orc wizard is severely wounded.
You barely miss the orc.
You feel less confused.
You feel sick.
You slash the orc wizard!
You kill the orc wizard!
Trog accepts your kill.
Trog appreciates your killing of a magic user.
You closely miss the orc.
You feel sick. The orc hits you but does no damage.
You are more poisoned.
You slice the orc!!
You kill the orc!
Trog accepts your kill.
You feel sick.
You have reached level 5!
Your demonic ancestry asserts itself...
Slimy green scales grow over part of your body.
Are you sure you want to abandon this character and quit the game? (Confirm with "yes".)

##.......##
#.........#
+.........+
#.........#
#...$...# #.....#
#)))# #@# #.#
#.#######.##
##.#.........
##....######.#
###.....# #.#
...<.....# ..
.#####.#.###.##.#
....#.#........#


There were no monsters in sight!

Vanquished Creatures
  Natasha (D:2)
  An orc wizard (D:3)
  2 adders (D:2)
  2 worms (D:2)
  3 orcs (D:3)
  6 endoplasms
  5 giant cockroaches
  7 goblins
  3 hobgoblins
  3 quokkas
  8 ball pythons
  7 bats
  4 frilled lizards
  5 kobolds
  2 rats
59 creatures vanquished.

Vanquished Creatures (others)
  2 fungi (D:2)
  4 plants (D:2)
6 creatures vanquished.

Grand Total: 65 creatures vanquished

Notes
Turn   | Place    | Note
-------+----------+-------------------------------------------
     0 | D:1      | knot the Demonspawn Berserker began the quest for the Orb.
     0 | D:1      | Reached XP level 1. HP: 18/18 MP: 1/1
    55 | D:1      | Reached skill level 3 in Axes
   126 | D:1      | Gained mutation: You have a pair of small horns on your
                  | head. [demonic ancestry]
   126 | D:1      | Reached XP level 2. HP: 24/24 MP: 2/2
  1058 | D:2      | Found Vetemig's Antique Weapon Shoppe.
  1136 | D:2      | Reached ** piety under Trog
  1141 | D:2      | Reached XP level 3. HP: 27/29 MP: 3/3
  1306 | D:2      | Reached skill level 4 in Axes
  1745 | D:2      | Gained mutation: You have a pair of horns on your head.
                  | [demonic ancestry]
  1745 | D:2      | Reached XP level 4. HP: 35/35 MP: 4/4
  1966 | D:2      | Noticed Natasha
  1976 | D:2      | Killed Natasha
  2224 | D:2      | Found a faded altar of an unknown god.
  2467 | D:3      | Reached skill level 5 in Axes
  2472 | D:3      | Gained mutation: You are partially covered in slimy green
                  | scales. (AC +2) [demonic ancestry]
  2472 | D:3      | Reached XP level 5. HP: 41/41 MP: 5/5
  2472 | D:3      | Quit the game

Illustrated notes

Levels and vault maps discovered:
D:1:      roderic_octagonal_star, layout_basic
D:2:      layout_loops_ring, serial_shops, nicolae_shop_advertising_works
          [nicolae_subvault_shop_adworks], shapermc_ecumenical_altar_petra,
          serial_park_tiny_1, minmay_hexomino_u4, uniq_natasha
D:3:      layout_loops_corners

Skill      XL: |  1  2  3  4 |
---------------+-------------+-----
Axes           | 3 4 5 |  5.2
Fighting       | |  3.0
Armour         | |  1.7
Dodging        | |  1.7

Action                   |  1- 3 |  4- 6 || total
-------------------------+-------+-------++-------
Melee: Hand axe          |   107 |    50 ||   157
       Headbutt          |    13 |     9 ||    22
       Punch             |       |     2 ||     2
Invok: Berserk           |     1 |     2 ||     3
 Stab: Sleeping          |     1 |       ||     1
Armor: Animal skin       |    21 |       ||    21
       Scale mail        |    14 |    16 ||    30
Dodge: Dodged            |    69 |    11 ||    80

Table legend: (Time is in decaauts)
 A = Elapsed time spent in this place.
 B = Non-inter-level travel time spent in this place.
 C = Inter-level travel time spent in this place.
 D = Time resting spent in this place.
 E = Time spent auto-exploring this place.
 F = Levels seen in this place.
 G = Mean time per level.
                   A        B        C        D        E       F      G
               +--------+--------+--------+--------+--------+-----+--------+
         Total |   2495 |   2274 |    221 |    311 |   1611 |   3 |  831.7 |
       Dungeon |   2495 |   2274 |    221 |    311 |   1611 |   3 |  831.7 |
               +--------+--------+--------+--------+--------+-----+--------+

Top non-repeatable levels by time:
     D:2: 1290 daAuts
     D:1: 1048 daAuts
     D:3: 156 daAuts
